 Dungeon Crawl Stone Soup version 0.27.1-35-g4d5d836560 (webtiles) character file.

Game seed: 2894549396775147709

96 Delamore the Sneak (level 4, -3/29 HPs)
             Began as an Octopode Brigand on Apr 18, 2022.
             Slain by a gnoll (7 damage)
             ... on level 3 of the Dungeon.
             The game lasted 00:01:30 (1948 turns).

Delamore the Sneak (Octopode Brigand)               Turns: 1948, Time: 00:01:31

Health: -3/29      AC:  1    Str: 10    XL:     4   Next: 67%
Magic:  4/4        EV: 12    Int: 13    God:
Gold:   140        SH:  0    Dex: 14    Spells: 3/3 levels left

rFire    . . .     SeeInvis .   a - +2 dagger
rCold    . . .     Faith    .   (no shield)
rNeg     . . .     Spirit   .   (helmet restricted)
rPois    .         Reflect  .   (no amulet)
rElec    .         Harm     .   (no ring)
rCorr    .         Rampage  .   (no ring)
Will     .....                  (no ring)
Stlth    ++++......             (no ring)
HPRegen  0.09/turn              (no ring)
MPRegen  0.09/turn              (no ring)
                                (no ring)
                                (no ring)

@: no status effects
A: almost no armour, amphibious, 8 rings, camouflage 1, gelatinous body 1,
(nimble swimmer 1), tentacles
a: no special abilities


You were on level 3 of the Dungeon.
You visited 1 branch of the dungeon, and saw 3 of its levels.

You collected 140 gold pieces.

Inventory:

Hand Weapons
 a - a +2 dagger (weapon)
Missiles
 b - 8 poisoned darts (quivered)
 d - 6 atropa-tipped darts
Scrolls
 e - a scroll of identify {unknown}
 i - 2 scrolls of enchant armour {unknown}
Potions
 f - a potion of brilliance {unknown}
 h - a potion of flight {unknown}
 j - a potion of cancellation {unknown}


   Skills:
 - Level 2.0 Fighting
 * Level 4.0 Short Blades
 - Level 2.0 Throwing
 - Level 1.0 Dodging
 + Level 6.3 Stealth


You had 3 spell levels left.
You didn't know any spells.
Your spell library contained the following spells:

 Spells                   Type           Power      Damage    Failure   Level
 Tukima's Dance           Hex            0%         N/A       67%         3
 Passage of Golubria      Tloc           N/A        N/A       97%         4
 Yara's Violent Unravell  Hex/Tmut       0%         3d3       100%        5


Dungeon Overview and Level Annotations

Branches:
Dungeon (3/15)

Altars:
Fedhas

Shops:
D:1 :


Innate Abilities, Weirdness & Mutations

You cannot wear most types of armour.
You are amphibious.
You can wear up to eight rings at the same time.
Your skin changes colour to match your surroundings (Stealth+).
Your rubbery body absorbs attacks. (AC +1, EV +1)
((You are camouflaged near water. (Stealth+)))
You have tentacles for arms and can constrict up to eight enemies at once.


Message History

You hit the gnoll but do no damage. You grab the gnoll.
You constrict the gnoll, but do no damage.
The gnoll struggles to escape constriction.
You hit the gnoll but do no damage.
You constrict the gnoll, but do no damage.
The gnoll barely misses you.
You hit the gnoll. You squeeze the gnoll!
The gnoll is almost dead.
You constrict the gnoll. The gnoll hits you with a +0 spear!
You are too injured to fight recklessly!
You are too injured to fight recklessly!
You are too injured to fight recklessly!
There are monsters nearby!
You hit the gnoll but do no damage. You squeeze the gnoll.
You kill the gnoll!
Your Short Blades skill increases to level 4!
The gnoll throws a throwing net.
The throwing net misses you.
Things that are here:
a throwing net; a +0 flail The gnoll throws a throwing net.
The throwing net hits you.
You become entangled in the net!
You see here a throwing net.
You struggle against the net.
You struggle against the net.
You shred the net and break free! The gnoll hits you with a +0 club!
* * * LOW HITPOINT WARNING * * *
Throw: 2 darts (curare)
Press: ? - help, Q - select action, (/) - cycle Shift-Dir - straight line, f - gnoll
Aim: a gnoll, wielding a +0 club (64% to hit)
You throw a curare-tipped dart.
The curare-tipped dart closely misses the gnoll.
Throw: dart (curare)
Press: ? - help, Q - select action, (/) - cycle Shift-Dir - straight line, f/p - gnoll
Aim: a gnoll, wielding a +0 club (64% to hit)
You throw a curare-tipped dart. The curare-tipped dart hits the gnoll.
The gnoll is poisoned.
The gnoll convulses.
The gnoll seems to slow down.
The gnoll is heavily wounded.
The gnoll hits you with a +0 club!
You die...

#.# #.. #)##
#.(# ##(# #.#
#.# #g# .. #@#
#.. #.# #...
#.#######..#
#.#........#
#.#........###
#.#†..........
#.#........#
#..###.#####
##..#..#


You could see a gnoll (very poisoned, slow).

Vanquished Creatures
  2 adders (D:2)
  2 gnolls (D:3)
  A worm (D:2)
  2 dart slugs
  2 ball pythons
  4 endoplasms (D:1)
  3 giant cockroaches
  3 goblins (D:1)
  8 hobgoblins
  4 jackals (D:1)
  4 bats
  3 frilled lizards
  9 kobolds
  3 rats (D:2)
50 creatures vanquished.

Notes
Turn   | Place    | Note
-------+----------+-------------------------------------------
     0 | D:1      | Delamore the Octopode Brigand began the quest for the Orb.
     0 | D:1      | Reached XP level 1. HP: 14/14 MP: 1/1
    17 | D:1      | You fall into a shaft and drop 1 floor!
   366 | D:2      | Reached XP level 2. HP: 19/19 MP: 2/2
   394 | D:1      | Found Weupun's Book Shop.
   421 | D:1      | Reached XP level 3. HP: 24/24 MP: 3/3
   710 | D:1      | Reached skill level 6 in Stealth
  1246 | D:2      | Reached XP level 4. HP: 8/29 MP: 4/4
  1494 | D:2      | Found a blossoming altar of Fedhas.
  1948 | D:3      | Slain by a gnoll

Illustrated notes

Levels and vault maps discovered:
D:1:      wander_arrival_desolate, layout_basic, serial_shops, shop
D:2:      layout_basic, basic_altar
D:3:      layout_rooms

Skill      XL: |  1  2  3  4 |
---------------+-------------+-----
Short Blades   | 3 4 |  4.0
Stealth        | 6 |  6.3
Fighting       | |  2.0
Throwing       | |  2.0
Dodging        | |  1.0

Action                   |  1- 3 |  4- 6 || total
-------------------------+-------+-------++-------
Melee: Dagger            |    79 |    18 ||    97
       Constrict         |    19 |     3 ||    22
       Tentacles         |    11 |     3 ||    14
Throw: Dart              |       |     2 ||     2
  Use: Potion            |       |     2 ||     2
 Stab: Sleeping          |     9 |     6 ||    15
Armor: Skin              |    11 |     1 ||    12
Dodge: Dodged            |    68 |    10 ||    78
